 Dungeon Crawl Stone Soup version 0.27.1-1-g398f81649c (webtiles) character file.

Game seed: 15025987062534003568

77 Descartes the Sneak (level 4, 0/21 HPs)
             Began as a Spriggan Venom Mage on Sept 8, 2021.
             Killed by divine providence
             ... invoked by an orc priest
              (11 damage)
             ... on level 3 of the Dungeon.
             The game lasted 00:07:15 (2499 turns).

Descartes the Sneak (Spriggan Venom Mage)           Turns: 2499, Time: 00:07:16

Health: 0/21       AC:  2    Str:  5    XL:     4   Next: 14%
Magic:  7/10       EV: 18    Int: 16    God:
Gold:   18         SH:  0    Dex: 15    Spells: 8/9 levels left

rFire    . . .     SeeInvis +   h - +4 hunting sling
rCold    . . .     Faith    .   (shield restricted)
rNeg     . . .     Spirit   .   a - +0 robe
rPois    .         Reflect  .   (helmet restricted)
rElec    .         Harm     .   (no cloak)
rCorr    .         Rampage  .   (gloves unavailable)
Will     +....                  (boots unavailable)
Stlth    +++.......             (no amulet)
HPRegen  0.07/turn              r - ring of willpower
MPRegen  0.12/turn              (no ring)

@: very quick
A: very small, no large weapons, unfitting armour, see invisible, speed 3
a: no special abilities


You were on level 3 of the Dungeon.
You visited 1 branch of the dungeon, and saw 3 of its levels.

You collected 83 gold pieces.
You spent 65 gold pieces at shops.

Inventory:

Hand Weapons
 e - a +0 dagger
 h - a +4 hunting sling (weapon)
Missiles
 f - 17 bolts
 g - 20 arrows
Armour
 a - a +0 robe (worn)
Magical Staves
 b - a staff of earth
Jewellery
 r - a ring of willpower (left hand)
Wands
 p - a wand of acid (4)
Scrolls
 d - 2 scrolls of enchant weapon {unknown}
 i - a scroll of teleportation
 j - a scroll of identify
 m - a scroll of blinking {unknown}
 n - 2 scrolls of immolation {unknown}
 o - a scroll of amnesia {unknown}
 q - a scroll of acquirement {unknown}
Potions
 c - 5 potions of curing
 k - a potion of lignification {unknown}
 l - 2 potions of berserk rage {unknown}


   Skills:
 + Level 3.5 Dodging
 + Level 3.8 Stealth
 + Level 3.3 Spellcasting
 + Level 2.5 Transmutations
 + Level 3.6 Poison Magic


You had 8 spell levels left.
You knew the following spells:

 Your Spells              Type           Power      Damage    Failure   Level
a - Sting                 Tmut/Pois      48%        1d5       4%          1

Your spell library contained the following spells:

 Spells                   Type           Power      Damage    Failure   Level
 Poisonous Vapours        Pois/Air       16%        N/A       13%         2
 Mephitic Cloud           Conj/Pois/Air  6%         N/A       32%         3
 Olgreb's Toxic Radiance  Pois           14%        N/A       38%         4


Dungeon Overview and Level Annotations

Branches:
Dungeon (3/15)

Altars:

Shops:
D:1 (   D:2 ?


Innate Abilities, Weirdness & Mutations

You are very small and have problems with some larger weapons.
You are too small for most types of armour.
You have supernaturally acute eyesight. (SInv)
You cover ground extremely quickly. (Speed+++)


Message History

Aiming: Sting (safe; 4% risk of failure)
Press: ? - help, Shift-Dir - straight line, f - orc
Aim: an orc, wielding a +0 club and wearing a +0 leather armour (71% to hit)
The sting hits the orc but does no damage.
The orc is poisoned.
The orc priest calls upon Beogh to heal the orc.
The orc's wounds heal themselves!
The orc hits you with a +0 club.
Casting: Sting (safe; 4% risk of failure)
Confirm with . or Enter, or press ? or * to list all spells.
Aiming: Sting (safe; 4% risk of failure)
Press: ? - help, Shift-Dir - straight line, f - orc priest, p - orc
Aim: an orc priest, wielding a +0 flail and wearing a +0 leather armour (71% to hit)
The sting hits the orc but does no damage.
The orc looks even sicker.
The orc is moderately wounded.
The orc barely misses you.
Casting: Sting (safe; 4% risk of failure)
Confirm with . or Enter, or press ? or * to list all spells.
Aiming: Sting (safe; 4% risk of failure)
Press: ? - help, Shift-Dir - straight line, f/p - orc priest
Aim: an orc priest, wielding a +0 flail and wearing a +0 leather armour (71% to hit)
You miscast Sting.
You are very lightly contaminated with residual magic.
Nothing appears to happen.
Casting: Sting (safe; 4% risk of failure)
Confirm with . or Enter, or press ? or * to list all spells.
Aiming: Sting (safe; 4% risk of failure)
Press: ? - help, Shift-Dir - straight line, f/p - orc priest
Aim: an orc priest, wielding a +0 flail and wearing a +0 leather armour (71% to hit)
The sting hits the orc priest.
The orc priest is poisoned.
The orc priest is lightly wounded.
The orc barely misses you.
The orc priest hits you with a +0 flail.
You feel a bit more experienced.
Your magical contamination has completely faded away.
There is a stone staircase leading up here.
The orc priest mumbles some strange prayers to Beogh against you.
Beogh smites you!
Ouch! That really hurt!
You die...

##### #.##.##.+..÷....#
#o##.##.#.......#
#.##.##.###'#####
#.##.##.###.####
#####..............#
######.........##....##.###
#....#.........##....##....
#..............##.÷..##....
#......###@##+###....##....
#......# #.##..............
##########'##.#########....
#.....#............
#.....#............ .
#.....#.........### #.
##'##.+.........†.. #.
#####.##.#........####
#.########...####.#........#


You could see an orc priest.

Vanquished Creatures
  2 adders (D:3)
  A dart slug (D:3)
  An orc (D:3)
  5 bats
  4 endoplasms
  2 giant cockroaches (D:1)
  7 goblins
  6 hobgoblins
  A jackal (D:3)
  3 kobolds
  A quokka (D:3)
  9 ball pythons
  4 frilled lizards
  6 rats
52 creatures vanquished.

Notes
Turn   | Place    | Note
-------+----------+-------------------------------------------
     0 | D:1      | Descartes the Spriggan Venom Mage began the quest for the
                  | Orb.
     0 | D:1      | Reached XP level 1. HP: 9/9 MP: 5/5
   162 | D:1      | Reached XP level 2. HP: 11/13 MP: 0/6
   840 | D:1      | Found Luhyne's Weapon Boutique.
  1103 | D:2      | Reached XP level 3. HP: 16/16 MP: 3/8
  1176 | D:2      | Found Meen Jeteiph's Magic Scroll Shop.
  1182 | D:2      | Bought a scroll of identify for 26 gold pieces
  1182 | D:2      | Bought a scroll of teleportation for 39 gold pieces
  1424 | D:2      | Found a faded altar of an unknown god.
  2324 | D:3      | Reached XP level 4. HP: 21/21 MP: 8/10
  2499 | D:3      | Killed from afar by an orc priest

Illustrated notes

Levels and vault maps discovered:
D:1:      heliophobic_arrival_dark_side_of_the_moon, layout_basic, serial_shops,
          shop, chequers_mini_garden
D:2:      layout_rooms, shapermc_ecumenical_altar_totnotflames, serial_shops,
          shop_fountains
D:3:      layout_basic, minmay_circle_x

Skill      XL: |  1  2 |
---------------+-------+-----
Spellcasting   | 3 |  3.3
Dodging        | 3 |  3.5
Transmutations | 2 |  2.5
Stealth        | |  3.8
Poison Magic   | |  3.6

Action                   |  1- 3 |  4- 6 || total
-------------------------+-------+-------++-------
 Fire: Hunting sling     |    16 |       ||    16
 Cast: Sting             |    67 |    15 ||    82
  Use: Scroll            |     1 |       ||     1
Armor: Robe              |     1 |       ||     1
Dodge: Dodged            |    15 |     5 ||    20
